 Dungeon Crawl Stone Soup version 0.22.0-49-gab54619 (webtiles) character file.

875 Kagorn the Skirmisher (level 8, 0/51 HPs)
             Began as a Gargoyle Berserker on Sept 6, 2018.
             Was a Priest of Trog.
             Splashed by a jelly's acid (5 damage)
             ... on level 5 of the Dungeon.
             The game lasted 00:22:18 (3614 turns).

Kagorn the Skirmisher (Gargoyle Berserker)          Turns: 3614, Time: 00:22:19

Health: 0/51       AC:  3    Str: 21    XL:     8   Next: 4%
Magic:  8/8        EV: 12    Int:  9    God:    Trog [***...]
Gold:   157        SH:  0    Dex: 10    Spells: 7/7 levels left

rFire    . . .     SeeInvis +   y - +2 short sword (vamp)
rCold    . . .     Gourm    .   (no shield)
rNeg     + . .     Faith    .   u - +0 leather armour (curse)
rPois    ∞         Spirit   .   (no helmet)
rElec    +         Reflect  .   (no cloak)
rCorr    .         Harm     .   h - +0 pair of gloves
MR       .....                  e - +0 pair of boots
Stlth    ++........             (no amulet)
HPRegen  0.17/turn              v - ring of see invisible
MPRegen  0.11/turn              (no ring)

@: corroded
A: negative energy resistance 1, electricity resistance, unbreathing,
petrification resistance, rot immunity, AC +5
a: Berserk, Trog's Hand, Renounce Religion


You were on level 5 of the Dungeon.
You worshipped Trog.
Trog was most pleased with you.
You were hungry.

You visited 2 branches of the dungeon, and saw 6 of its levels.
You also visited: Sewer.

You collected 157 gold pieces.

Inventory:

Hand Weapons
 a - a +0 falchion
 m - a +2 antimagic dagger
 y - a +2 vampiric short sword (weapon)
Missiles
 k - 145 stones (quivered)
Armour
 e - a +0 pair of boots (worn)
 h - a +0 pair of gloves (worn)
 n - a +0 ring mail
 o - a +1 robe of fire resistance
 u - a cursed +0 leather armour (worn)
 D - a +0 pair of gloves
Jewellery
 v - a ring of see invisible (left hand)
Wands
 s - a wand of random effects (28)
Scrolls
 b - a scroll of enchant weapon {unknown}
 d - 2 scrolls of enchant armour {unknown}
 f - 2 scrolls of fog
 i - 5 scrolls of magic mapping {unknown}
 l - 5 scrolls of teleportation {unknown}
 r - a scroll of immolation {unknown}
 t - 4 scrolls of remove curse {unknown}
 w - a scroll of fear {unknown}
 x - a scroll of blinking {unknown}
 B - 2 scrolls of identify
Potions
 g - 2 potions of curing {unknown}
 j - a potion of haste {unknown}
 p - a potion of invisibility
 q - a potion of agility
 z - 2 potions of magic {unknown}
 A - a potion of mutation {unknown}
 C - a potion of flight {unknown}
Comestibles
 c - 2 rations


   Skills:
 * Level 5.9 Fighting
 * Level 4.8 Long Blades
 * Level 5.2 Armour
 + Level 2.9 Dodging
 + Level 3.3 Stealth


You had 7 spell levels left.
You didn't know any spells.
Your spell library contained the following spells:

 Spells                   Type           Power        Failure   Level  Hunger
 Animate Skeleton         Necr           N/A          43%         1    ##.....
 Apportation              Tloc           #.....       43%         1    ##.....
 Confusing Touch          Hex            #.....       43%         1    ##.....
 Summon Small Mammal      Summ           #...         43%         1    ##.....


Dungeon Overview and Level Annotations

Branches:
Dungeon (5/15)             Temple (1/1) D:4

Altars:
Ashenzari
Elyvilon
Hepliaklqana
Makhleb
Sif Muna
Uskayaw
Vehumet
Wu Jian
Xom
Yredelemnul
Lugonu

Shops:
D:4 =


Innate Abilities, Weirdness & Mutations

You are resistant to torment.
Your stone body is resilient. (AC +5)
You are immune to poison.
You resist negative energy. (rN+)
You are resistant to electric shocks. (rElec)
You can survive without breathing.
You are immune to petrification.
You are immune to rotting.


Message History

* * * LOW HITPOINT WARNING * * *
You barely miss the jelly.
The jelly is heavily wounded.
The jelly hits you but does no damage.
You hit the jelly but do no damage.
Your hands burn!
* * * LOW HITPOINT WARNING * * *
The jelly is heavily wounded.
The jelly hits you but does no damage.
You hit the jelly.
You feel better.
Your hands burn!
* * * LOW HITPOINT WARNING * * *
The jelly is heavily wounded.
The jelly closely misses you.
You barely miss the jelly.
The jelly is heavily wounded.
The jelly hits you.
* * * LOW HITPOINT WARNING * * *
You are splashed with acid!
The acid burns!
* * * LOW HITPOINT WARNING * * *
You hit the jelly.
You feel better.
Your hands burn!
You die...

#####..# ##..####..##...
.......#..............
........#....(........#
..........#..............
##..##....##...###..##...
### #....########..# .#
#.....#...#....+ .
#.....#...#....#
#..@..'...#..(.#
#.J...#...#....#
#....[#...'....#
################


You could see a jelly.

Vanquished Creatures
  Sigmund (D:4)
  Menkaure (D:4)
  A phantom (D:5)
  An ogre (D:5)
  A water moccasin skeleton (D:4)
  A crimson imp (D:5)
  A hound (D:4)
  2 centaur skeletons
  A worker ant (D:5)
  A killer bee zombie (D:5)
  A hound zombie (D:5)
  6 adders
  4 river rats (Sewer)
  An adder skeleton (D:4)
  8 worms
  2 dart slugs
  A leopard gecko (D:3)
  5 orcs (D:3)
  6 ball pythons
  7 giant cockroaches
  8 goblins
  7 hobgoblins
  2 quokkas
  8 bats
  9 frilled lizards
  A jackal skeleton (D:4)
  3 kobolds (D:2)
  2 quokka skeletons
  17 rats
109 creatures vanquished.

Vanquished Creatures (others)
  A frilled lizard (D:3)
1 creature vanquished.

Grand Total: 110 creatures vanquished

Notes
Turn   | Place    | Note
-------+----------+-------------------------------------------
     0 | D:1      | Kagorn the Gargoyle Berserker began the quest for the Orb.
     0 | D:1      | Reached XP level 1. HP: 14/14 MP: 1/1
   151 | D:1      | Reached XP level 2. HP: 15/19 MP: 2/2
   823 | D:2      | Reached ** piety under Trog
   823 | D:2      | Reached XP level 3. HP: 19/24 MP: 3/3
   899 | D:2      | Found a faded altar of an unknown god.
  1080 | D:2      | Reached skill level 1 in Stealth
  1398 | D:2      | You fall through a shaft for 2 floors!
  1414 | D:4      | Noticed Sigmund
  1441 | D:4      | Killed Sigmund
  1441 | D:4      | Reached XP level 4. HP: 30/30 MP: 4/4
  1441 | D:4      | Reached XP level 5. HP: 34/34 MP: 5/5
  1481 | D:4      | Found a staircase to the Ecumenical Temple.
  1488 | Temple   | Entered the Ecumenical Temple
  1542 | D:4      | Found Roep's Jewellery Boutique.
  1631 | D:4      | Reached XP level 6. HP: 39/39 MP: 6/6
  1649 | D:4      | Found a shattered altar of Ashenzari.
  1651 | D:4      | Noticed Menkaure
  1662 | D:4      | Killed Menkaure
  1685 | D:4      | Reached skill level 5 in Fighting
  1914 | D:4      | Reached XP level 7. HP: 42/44 MP: 7/7
  2256 | D:3      | Found a glowing drain.
  2263 | Sewer    | Entered a sewer
  2300 | Sewer    | Reached *** piety under Trog
  2935 | D:3      | Found a radiant altar of Vehumet.
  3241 | D:5      | Entered Level 5 of the Dungeon
  3406 | D:5      | Found a deep blue altar of Sif Muna.
  3432 | D:5      | Found an ornate altar of the Wu Jian Council.
  3530 | D:5      | Reached skill level 5 in Armour
  3563 | D:5      | Reached XP level 8. HP: 26/51 MP: 8/8
  3614 | D:5      | Splashed by a jelly's acid

Skill      XL: |  1  2  3  4  5  6  7 |
---------------+----------------------+-----
Long Blades    | 3 4 |  4.8
Stealth        | 1 2 3 |  3.3
Fighting       | 4 5 |  5.9
Armour         | 3 4 5 |  5.2
Dodging        | 2 |  2.9

Action                   |  1- 3 |  4- 6 |  7- 9 || total
-------------------------+-------+-------+-------++-------
Melee: Falchion          |   120 |    71 |   196 ||   387
       Short sword       |       |       |   127 ||   127
Invok: Berserk           |     1 |       |     1 ||     2
       Trog's Hand       |     1 |       |     1 ||     2
  Use: Scroll            |       |     2 |     1 ||     3
 Stab: Sleeping          |     3 |       |     5 ||     8
  Eat: Chunk             |     2 |       |     1 ||     3
       Ration            |       |     1 |     3 ||     4
Armor: Animal skin       |    35 |       |       ||    35
       Ring mail         |    10 |    32 |       ||    42
       Leather armour    |       |       |   121 ||   121
Dodge: Dodged            |    79 |    39 |   153 ||   271
       Rpst.: Falchion   |    24 |    11 |    29 ||    64
